[Event "Titled Tuesday Blitz October 11 Late 2022"]
[White "Sarkar, Justin"]
[Black "Shapiro, Daniel"]
[WhiteFideId "2010011"]
[BlackFideId "2001780"]
[WhiteElo "2250"]
[BlackElo "2220"]
[Result "1-0"]
[Round "11"]
[TimeControl "180+1"]
[Date "2022.10.12"]
[WhiteClock "0:00:04"]
[BlackClock "0:00:42"]

1. d4 Nf6 2. c4 e6 3. Nf3 d5 4. Nc3 Bb4 5. Qa4+ Nc6 6. e3 O-O 7. Bd2 Bd6 8. c5 Be7 9. b4 e5 10. b5 exd4 11. exd4 Nb8 12. Bd3 c6 13. O-O a6 14. b6 Bg4 15. Ne5 Bh5 16. Rae1 Bg6 17. Nxg6 hxg6 18. Bf4 Re8 19. Bc7 Qc8 20. f4 Nbd7 21. f5 gxf5 22. Bxf5 Bf8 23. Qc2 Rxe1 24. Rxe1 Ne8 25. Bf4 Qd8 26. Qe2 Nxc5 27. dxc5 Bxc5+ 28. Kh1 Bxb6 29. Qg4 Qf6 30. Nd1 Nd6 31. Bd3 Qd4 32. Qg3 Ne4 33. Bxe4 dxe4 34. Be5 Qd3 35. Qxg7# 1-0


[Site "https://www.chess.com"]

[Event "Titled Tuesday Blitz October 11 Late 2022"]
[White "Sibilio, Mario"]
[Black "Leiva, Gianmarco"]
[WhiteFideId "800422"]
[BlackFideId "3804399"]
[WhiteElo "2296"]
[BlackElo "2285"]
[Result "0-1"]
[Round "11"]
[TimeControl "180+1"]
[Date "2022.10.12"]
[WhiteClock "0:00:09"]
[BlackClock "0:00:25"]

1. d4 Nf6 2. c4 e6 3. Nc3 Bb4 4. Bg5 c5 5. d5 h6 6. Bh4 d6 7. e3 g5 8. Bg3 e5 9. Bd3 e4 10. Bc2 Bg4 11. Qd2 Qe7 12. h3 Bf5 13. a3 Ba5 14. b4 Bc7 15. bxc5 Na6 16. Ba4+ Kf8 17. cxd6 Bxd6 18. Nge2 Nc5 19. Bc2 a6 20. Nd4 Bd7 21. O-O h5 22. Nb3 h4 23. Bxd6 Qxd6 24. Nxc5 Qxc5 25. Nxe4 Nxe4 26. Bxe4 Qxc4 27. Qb2 Rh6 28. Qe5 Re8 29. Qxg5 Rh8 30. Bf3 Qc5 31. Qf6 Rg8 32. Rac1 Qe7 33. Qh6+ Rg7 34. d6 Qe5 35. Qxh4 Kg8 36. Qd4 Qf5 37. Bg4 Qg6 38. Rc7 Re4 39. Qd2 Bxg4 40. hxg4 Rxg4 41. g3 Rxg3+ 42. fxg3 Qxg3+ 43. Kh1 Rh7+ 0-1


[Site "https://www.chess.com"]

[Event "Titled Tuesday Blitz October 11 Late 2022"]
[White "Simonovic, Miroslav"]
[Black "Vargas, Mauricio"]
[WhiteFideId "919152"]
[BlackFideId "4404572"]
[WhiteElo "2043"]
[BlackElo "2025"]
[Result "1-0"]
[Round "11"]
[TimeControl "180+1"]
[Date "2022.10.12"]
[WhiteClock "0:00:13"]
[BlackClock "0:00:04"]

1. d4 d5 2. Bg5 h5 3. h4 Nf6 4. Bxf6 exf6 5. e3 Bd6 6. a3 Bg4 7. Be2 Bxe2 8. Nxe2 Nd7 9. c4 dxc4 10. Qc2 b5 11. Qe4+ Be7 12. a4 b4 13. Nd2 c3 14. bxc3 bxc3 15. Nxc3 O-O 16. O-O a6 17. Rfc1 Re8 18. Qd5 Bd6 19. Qxh5 Nb6 20. a5 Nd7 21. Nde4 Bf8 22. Qd5 Qe7 23. Ng3 Rab8 24. Qc6 Rb2 25. Nd5 Qe6 26. Nxc7 Qxc6 27. Rxc6 Rc8 28. Rac1 Rb7 29. Nxa6 Rxc6 30. Rxc6 Rb1+ 31. Kh2 Ra1 32. Ne4 f5 33. Nec5 Nf6 34. Nb7 Ng4+ 35. Kg3 Ra2 36. Nac5 Rxf2 37. Rc8 Rb2 38. a6 g6 39. Nd7 1-0


[Site "https://www.chess.com"]

[Event "Titled Tuesday Blitz October 11 Late 2022"]
[White "Sowul, Bartosz"]
[Black "Nozdrachev, Leonid"]
[WhiteFideId "1137590"]
[BlackFideId "24113433"]
[WhiteElo "2188"]
[BlackElo "2249"]
[Result "0-1"]
[Round "11"]
[TimeControl "180+1"]
[Date "2022.10.12"]
[WhiteClock "0:00:08"]
[BlackClock "0:00:25"]

1. Nf3 g6 2. d4 Bg7 3. c4 d6 4. g3 e5 5. e4 Bg4 6. d5 f5 7. h3 Bh5 8. Be2 Bxf3 9. Bxf3 Nf6 10. exf5 gxf5 11. Bh5+ Kf8 12. Bg5 Nbd7 13. Nc3 Qe7 14. Qf3 Kg8 15. Qxf5 Rf8 16. Bf3 e4 17. Be2 Nc5 18. O-O-O Qd7 19. Qxd7 Nfxd7 20. Be3 Bxc3 21. bxc3 Ne5 22. Bd4 h5 23. Rhf1 Rh6 24. Be3 Rhf6 25. Bxh5 Nxc4 26. Bd4 Nd3+ 27. Kc2 Rf5 28. Bg4 Rf3 29. Bxf3 Rxf3 30. h4 Kf7 31. h5 c5 32. dxc6 bxc6 33. h6 Kg6 34. Rh1 Kh7 35. Kb3 d5 36. Rh5 c5 37. Rxd5 cxd4 38. Kxc4 Nb2+ 39. Kxd4 Nxd1 40. Kxe4 Nxc3+ 41. Kxf3 Nxd5 42. Ke4 Nc3+ 43. Kf5 Nxa2 44. Kg5 Nc3 45. f3 a5 46. g4 a4 47. Kh5 a3 48. g5 a2 49. g6+ Kg8 50. g7 a1=Q 51. Kg6 Qg1+ 52. Kf6 Nd5+ 53. Ke6 Qg6+ 54. Kxd5 Qxh6 55. Ke4 Kxg7 56. f4 Kf7 0-1


[Site "https://www.chess.com"]

[Event "Titled Tuesday Blitz October 11 Late 2022"]
[White "Stanisz, Patryk"]
[Black "Potula, Kapish"]
[WhiteFideId "1123106"]
[BlackFideId "30903270"]
[WhiteElo "2069"]
[BlackElo "1991"]
[Result "1-0"]
[Round "11"]
[TimeControl "180+1"]
[Date "2022.10.12"]
[WhiteClock "0:01:13"]
[BlackClock "0:00:04"]

1. d4 Nf6 2. c4 e6 3. Nc3 d5 4. e3 Be7 5. Nf3 c6 6. Qc2 O-O 7. Bd2 Nbd7 8. a3 a6 9. c5 Qc7 10. b4 e5 11. dxe5 Nxe5 12. Nxe5 Qxe5 13. Be2 Bf5 14. Bd3 Bxd3 15. Qxd3 Rad8 16. O-O Ng4 17. f4 Qh5 18. h3 Nh6 19. Ne2 Bf6 20. Rab1 d4 21. e4 Rfe8 22. e5 Bh4 23. Rbd1 Qf5 24. Be1 Bxe1 25. Rfxe1 Re7 26. g4 Qd7 27. Qe4 Nxg4 28. hxg4 Qxg4+ 29. Qg2 1-0


[Site "https://www.chess.com"]

[Event "Titled Tuesday Blitz October 11 Late 2022"]
[White "Taboas Rodriguez, Daniel"]
[Black "Averjanov, Alexey"]
[WhiteFideId "2208466"]
[BlackFideId "14109867"]
[WhiteElo "2429"]
[BlackElo "2663"]
[Result "1-0"]
[Round "11"]
[TimeControl "180+1"]
[Date "2022.10.11"]
[WhiteClock "0:00:15"]
[BlackClock "0:00:07"]

1. d4 d5 2. Nf3 Nf6 3. c4 dxc4 4. e3 e6 5. Bxc4 a6 6. O-O b5 7. Be2 Bb7 8. a4 b4 9. b3 Nbd7 10. Bb2 c5 11. Nbd2 Be7 12. Nc4 Qc7 13. Nfe5 O-O 14. Rc1 Rfd8 15. Bf3 Rac8 16. Qe2 h6 17. Rfd1 Bd5 18. Nxd7 Rxd7 19. Ne5 Rdd8 20. dxc5 Bxc5 21. Bd4 Bxb3 22. Rd3 Bxd4 23. Rxc7 Rxc7 24. Nc6 Bxa4 25. Rxd4 Rxd4 26. exd4 Bxc6 27. Qc4 Nd5 28. h4 Bb7 29. Qb3 a5 30. Qa4 Nf6 31. Qxa5 Rc1+ 32. Kh2 Bxf3 33. gxf3 Nd5 34. Qd8+ Kh7 35. Qd7 Rc7 36. Qb5 h5 37. Qd3+ g6 38. Qb5 Kg7 39. Kg3 Rc3 40. Qb8 b3 41. Qe5+ Kg8 42. Qb8+ Kh7 43. Qb7 Kg7 44. Qb5 Kf6 45. Qb8 Rd3 46. Qb5 Rc3 47. Qb8 Rc7 48. Qxb3 Kg7 49. Qb8 Rd7 50. Qe5+ Nf6 51. Qe3 Rd5 52. Kg2 Rf5 53. Kg3 Nd5 54. Qe4 Kf6 55. Kg2 Nf4+ 56. Kg3 Nd5 57. Kg2 Rf4 58. Qe5+ Ke7 59. Kg3 Rf5 60. Qb8 Nf6 61. Qc7+ Kf8 62. Qd8+ Kg7 63. Qc7 Rb5 64. Qc4 Rd5 65. Qc3 Ne8 66. Qe3 Nd6 67. Qc3 Nf5+ 68. Kh3 Nxd4 69. Qb2 Kh7 70. Kg2 Nf5 71. Qc3 Rd7 72. Kh3 Rd5 73. Qf6 Kg8 74. Kg2 Nd6 75. Kh3 Ne8 76. Qe7 Ng7 77. Qf6 Rf5 78. Qd8+ Kh7 79. Qd3 Rf4 80. Kg3 Rf5 81. f4 Ne8 82. Qd7 Kg7 83. Qxe8 Rf6 84. Qe7 Rf5 85. Qd6 Rd5 86. Qb4 Rd3+ 87. f3 Rd5 88. Qb2+ Kh7 89. Qc3 Rf5 90. Qd4 Kg8 91. Qd7 Kg7 92. Qe8 Rd5 93. Qe7 Rd3 94. Qb7 Rd5 95. Qa7 Kh7 96. Qa1 Kg8 97. Qb2 Rf5 98. Qb8+ Kg7 99. Qb1 Kg8 100. Qe4 Rd5 101. Qe3 Rd1 102. Kf2 Rh1 103. Qe5 Rh2+ 104. Kg3 Rd2 105. Qf6 Rd5 106. Kf2 Rf5 107. Qd8+ Kh7 108. Ke3 Rd5 109. Qe7 Rf5 110. Ke4 Kg7 111. Qb4 Rd5 112. Qc3+ Kg8 113. Qf6 Rf5 114. Qe7 Kg7 115. Qe8 Rd5 116. Qa4 Kg8 117. Qa1 Rf5 118. Qb2 Rd5 119. Qc3 Rf5 120. Qc6 Rd5 121. Qxd5 exd5+ 122. Kxd5 Kg7 123. Ke5 Kf8 124. Kf6 Kg8 125. f5 gxf5 126. Kg5 Kg7 127. Kxh5 Kf6 128. Kh6 f4 129. Kh5 Kf5 130. Kh6 Kf6 131. h5 Kf5 132. Kg7 Kg5 133. h6 Kh4 134. h7 Kg3 135. h8=Q Kxf3 136. Kf6 Kg2 137. Kf5 f3 138. Qg7+ Kh1 139. Qg3 f2 140. Qxf2 f6 141. Kf4 f5 142. Kg3 f4+ 143. Kh3 f3 144. Qh2# 1-0


[Site "https://www.chess.com"]

[Event "Titled Tuesday Blitz October 11 Late 2022"]
[White "Tan, Ralph"]
[Black "Gubajdullin, Alexei"]
[WhiteFideId "30966590"]
[BlackFideId "4141202"]
[WhiteElo "2059"]
[BlackElo "2200"]
[Result "0-1"]
[Round "11"]
[TimeControl "180+1"]
[Date "2022.10.11"]
[WhiteClock "0:00:30"]
[BlackClock "0:00:57"]

1. Nf3 Nf6 2. g3 g6 3. Bg2 Bg7 4. O-O O-O 5. d4 d6 6. c4 Nc6 7. Nc3 a6 8. b3 Rb8 9. Bb2 b5 10. Qd3 bxc4 11. Qxc4 Nb4 12. e4 a5 13. Qe2 Ba6 14. Qd2 Bxf1 15. Rxf1 c5 16. Rd1 Nd7 17. Qe2 cxd4 18. Nxd4 Qb6 19. Na4 Qa6 20. Qxa6 Nxa6 21. Nc6 Rbe8 22. Bxg7 Kxg7 23. Nxa5 Rc8 24. Nc4 Nac5 25. Nc3 Rb8 26. Nd5 Rfe8 27. f4 Kf8 28. e5 dxe5 29. fxe5 Rec8 30. Bh3 e6 31. Nde3 Ke7 32. Bg2 Nb6 33. Nd6 Rd8 34. Rf1 f5 35. g4 Nd3 36. Nec4 Nxc4 37. Nxc4 Rb5 38. gxf5 gxf5 39. Bc6 Rc5 40. Bg2 Nxe5 41. Rc1 Nxc4 42. bxc4 Rd2 43. a4 Ra2 44. Bf1 Rxa4 45. Kf2 Ra2+ 46. Kg3 e5 47. h4 Ra3+ 48. Kf2 e4 49. Be2 f4 50. Rg1 Ra2 51. Ke1 Ra1+ 52. Bd1 Rxc4 53. Rg7+ Kf6 54. Rxh7 Rcc1 55. Rd7 Rxd1+ 56. Rxd1 Rxd1+ 57. Kxd1 Kg6 58. Ke2 Kh5 59. Kf2 Kxh4 60. Kg2 Kg4 61. Kh2 e3 62. Kg2 f3+ 63. Kf1 Kg3 64. Ke1 Kg2 65. Kd1 Kf2 66. Kc2 e2 67. Kd3 e1=Q 68. Kd4 Qe3+ 69. Kd5 Ke2 70. Kc4 f2 71. Kd5 f1=Q 72. Kc4 Qff4+ 73. Kd5 Qee5+ 74. Kc6 Qff6+ 75. Kd7 Qed6+ 76. Kc8 Qfd8+ 77. Kb7 Q8b8# 0-1


[Site "https://www.chess.com"]

[Event "Titled Tuesday Blitz October 11 Late 2022"]
[White "Tanenbaum, Zachary"]
[Black "Reshetnikov, Alexey"]
[WhiteFideId "2060850"]
[BlackFideId "4162080"]
[WhiteElo "2175"]
[BlackElo "2502"]
[Result "0-1"]
[Round "11"]
[TimeControl "180+1"]
[Date "2022.10.11"]
[WhiteClock "0:00:13"]
[BlackClock "0:00:05"]

1. e4 c5 2. Nf3 d6 3. d4 cxd4 4. Nxd4 Nf6 5. Nc3 a6 6. Be3 e6 7. f3 Nbd7 8. Qd2 b5 9. g4 Nb6 10. a4 b4 11. Na2 d5 12. a5 Nc4 13. Bxc4 dxc4 14. Nxb4 Bb7 15. g5 Nd7 16. O-O Qc7 17. Rad1 Be7 18. c3 Ne5 19. Bf4 O-O 20. h4 Rfd8 21. Qh2 Bd6 22. Ndc2 Qc5+ 23. Be3 Nxf3+ 24. Kg2 Nxh2 25. Bxc5 Bxe4+ 26. Kh3 Nxf1 27. Bxd6 Bd3 28. Kg2 Rxd6 29. Nxd3 Rxd3 30. Rxf1 Rd2+ 31. Rf2 Rxf2+ 32. Kxf2 Rd8 33. Ke2 e5 34. Nb4 Rd6 35. Ke3 f5 36. gxf6 gxf6 37. Ke4 Kf7 38. Nd5 Kg6 39. Ne7+ Kh5 40. Nf5 Rd2 41. Ne3 Re2 42. Kf3 Rxe3+ 43. Kxe3 f5 44. b4 cxb3 45. c4 Kg6 46. Kd2 Kf6 47. c5 Ke6 0-1


[Site "https://www.chess.com"]

[Event "Titled Tuesday Blitz October 11 Late 2022"]
[White "Tari, Aryan"]
[Black "Baskakov, Egor"]
[WhiteFideId "1510045"]
[BlackFideId "24197866"]
[WhiteElo "2612"]
[BlackElo "2211"]
[Result "1-0"]
[Round "11"]
[TimeControl "180+1"]
[Date "2022.10.11"]
[WhiteClock "0:00:13"]
[BlackClock "0:00:08"]

1. e4 c5 2. Nc3 Nc6 3. f4 g6 4. Nf3 Bg7 5. Bb5 Nd4 6. O-O e6 7. e5 Ne7 8. Nxd4 cxd4 9. Ne4 O-O 10. a4 d5 11. exd6 Nf5 12. b3 d3 13. c3 Nxd6 14. Bxd3 Qb6+ 15. Kh1 Rd8 16. a5 Qc6 17. Qe2 b6 18. Nxd6 Qxd6 19. Be4 Rb8 20. axb6 axb6 21. d4 Bb7 22. Bd2 b5 23. Bxb7 Rxb7 24. b4 Qd5 25. Qf3 Qd7 26. Ra6 Rc7 27. Rfa1 h5 28. h3 Bf6 29. f5 gxf5 30. Qxh5 Kg7 31. Bh6+ Kg8 32. Rf1 Rxc3 33. Rxf5 Qxd4 34. Rf1 Rg3 35. Bf4 Rg6 36. Rxe6 Qc4 37. Ree1 Qxb4 38. Qf3 Qc4 39. Be5 Bxe5 40. Rxe5 Rd2 41. Re8+ Kg7 42. Rg1 Rdd6 43. Qh5 Rh6 44. Qe5+ Rdf6 45. Kh2 Qc6 46. Qg5+ Rhg6 47. Qe3 Qd6+ 48. Kh1 Rg3 49. Qe4 Rh6 50. Re5 Qg6 51. Qxg6+ Rgxg6 52. Rxb5 Rh4 53. Rf1 Rhh6 54. Rbf5 Rf6 55. Rxf6 Rxf6 56. Rxf6 Kxf6 57. Kh2 Kg5 58. Kg3 f5 59. Kf3 Kf6 60. Kf4 Kg6 61. h4 Kf6 62. h5 Ke6 63. Kg5 Ke5 64. h6 1-0


[Site "https://www.chess.com"]

[Event "Titled Tuesday Blitz October 11 Late 2022"]
[White "Tayar, Jonathan"]
[Black "Erdogdu, Mert"]
[WhiteFideId "2606534"]
[BlackFideId "6301495"]
[WhiteElo "2406"]
[BlackElo "2413"]
[Result "0-1"]
[Round "11"]
[TimeControl "180+1"]
[Date "2022.10.11"]
[WhiteClock "0:02:50"]
[BlackClock "0:02:29"]

1. e4 c5 2. Nf3 d6 3. d4 cxd4 4. Nxd4 Nf6 5. Nc3 a6 6. Bg5 e6 7. f4 Qb6 8. Qd2 Nc6 9. Bxf6 gxf6 10. Nb3 Bd7 11. Be2 h5 12. O-O-O O-O-O 13. Rhf1 Kb8 14. Rf3 Be7 15. Rh3 h4 16. Kb1 Rdg8 17. Bf1 Rc8 18. a3 Na5 19. Nd5 exd5 20. Nxa5 Bxh3 0-1


[Site "https://www.chess.com"]

[Event "Titled Tuesday Blitz October 11 Late 2022"]
[White "Thiel, Thomas"]
[Black "Zaloznyy, Mike"]
[WhiteFideId "4615964"]
[BlackFideId "2023075"]
[WhiteElo "2281"]
[BlackElo "2126"]
[Result "0-1"]
[Round "11"]
[TimeControl "180+1"]
[Date "2022.10.12"]
[WhiteClock "0:00:02"]
[BlackClock "0:00:02"]

1. e4 d6 2. d4 Nf6 3. Nc3 e5 4. Nf3 Nbd7 5. Bc4 Be7 6. a4 c6 7. O-O Qc7 8. Re1 h6 9. Ba2 Nf8 10. d5 g5 11. dxc6 bxc6 12. Qd3 Ng6 13. Qc4 Be6 14. Nd5 Nxd5 15. exd5 Bxd5 16. Qd3 e4 17. Qc3 exf3 18. Bxd5 O-O 19. Bxf3 Rac8 20. Bd2 Ne5 21. Be4 f5 22. Bd3 Qd7 23. Bf1 Bf6 24. Rad1 g4 25. Qg3 Qg7 26. Bc3 Rce8 27. Rxd6 Nf7 28. Rxe8 Nxd6 29. Rxf8+ Qxf8 30. Bxf6 Qxf6 31. Qc3 Qxc3 32. bxc3 Ne4 33. c4 c5 34. g3 a5 35. Bg2 Nc3 36. Bc6 Kg7 37. Kf1 Kf6 38. Ke1 Ke5 39. Kd2 Kd4 40. Be8 Kxc4 41. Bd7 Ne4+ 42. Ke3 Nd6 43. Kf4 Kb4 44. Ke5 Ne4 45. Kxf5 Nxf2 46. Kf4 h5 47. Kg5 Kc3 48. Kxh5 Kxc2 49. Kg5 Kb3 50. Kf4 c4 51. Ke3 c3 52. Bf5 Nd1+ 53. Kf4 Nf2 54. Ke3 Nd1+ 55. Kf4 c2 0-1


[Site "https://www.chess.com"]

[Event "Titled Tuesday Blitz October 11 Late 2022"]
[White "Timmermans, Mark"]
[Black "Thomforde-Toates, Noah"]
[WhiteFideId "1026399"]
[BlackFideId "30951992"]
[WhiteElo "2460"]
[BlackElo "2696"]
[Result "1-0"]
[Round "11"]
[TimeControl "180+1"]
[Date "2022.10.11"]
[WhiteClock "0:00:17"]
[BlackClock "0:00:03"]

1. Nf3 Nf6 2. c4 g6 3. b3 Bg7 4. Bb2 O-O 5. e3 b6 6. Be2 Bb7 7. O-O d6 8. d4 e6 9. Nc3 Nbd7 10. Nd2 e5 11. dxe5 Nxe5 12. Nf3 Nxf3+ 13. Bxf3 Qc8 14. Bxb7 Qxb7 15. Ne2 Rfe8 16. Qc2 Qe4 17. Rac1 Qxc2 18. Rxc2 Rad8 19. Rd1 Ne4 20. Bxg7 Kxg7 21. f3 Nc5 22. e4 a5 23. Nd4 h5 24. a3 Ra8 25. Nb5 Re7 26. Rb1 Kf6 27. Kf2 Ke6 28. Nd4+ Kd7 29. Rd2 Re5 30. b4 axb4 31. axb4 Ne6 32. Nxe6 Kxe6 33. Ke3 f5 34. Rb3 fxe4 35. f4 Rf5 36. Rd4 Ra1 37. Rxe4+ Kd7 38. Rb2 g5 39. fxg5 Rxg5 40. Re2 Rb1 41. b5 Rc1 42. Kd2 Rg1 43. Re7+ Kc8 44. g3 Rc5 45. Rh7 Kd8 46. Ree7 Rf1 47. Rd7+ Kc8 48. Rdg7 Rf8 49. Kd3 d5 50. cxd5 Rxd5+ 51. Ke4 Rc5 52. Re7 Rf1 53. Kd3 Rd1+ 54. Ke2 Rb1 55. Re8+ Kb7 56. Rhh8 Rbxb5 57. Rb8+ Kc6 58. Rh6+ Kd5 59. Rxh5+ Kc4 60. Rxc5+ Rxc5 61. h4 b5 62. g4 b4 63. h5 b3 64. h6 Re5+ 65. Kf3 Re7 66. g5 Kc3 67. g6 b2 68. g7 Re8 69. Rxb2 Kxb2 70. h7 c5 71. h8=Q Re6 72. g8=Q+ Kb1 73. Qxe6 c4 74. Qe2 c3 75. Qh1# 1-0


[Site "https://www.chess.com"]

[Event "Titled Tuesday Blitz October 11 Late 2022"]
[White "Tomaszewski, Kacper"]
[Black "Goryachkina, Aleksandra"]
[WhiteFideId "1127373"]
[BlackFideId "4147103"]
[WhiteElo "2211"]
[BlackElo "2484"]
[Result "0-1"]
[Round "11"]
[TimeControl "180+1"]
[Date "2022.10.11"]
[WhiteClock "0:00:10"]
[BlackClock "0:00:12"]

1. d4 Nf6 2. c4 e6 3. Nc3 Bb4 4. Bf4 O-O 5. e3 b6 6. Ne2 Bb7 7. a3 Be7 8. d5 d6 9. e4 Nbd7 10. Ng3 Re8 11. Be2 Nf8 12. O-O Ng6 13. Be3 c6 14. dxe6 fxe6 15. f4 c5 16. f5 exf5 17. exf5 Ne5 18. Bf4 Bf8 19. Nh5 Ned7 20. Nd5 Nxd5 21. cxd5 Nf6 22. Bg5 Be7 23. Bb5 Rf8 24. Nf4 Bc8 25. Bc6 Rb8 26. Ne6 Bxe6 27. dxe6 Qc7 28. Bxf6 Rxf6 29. Bd5 Rbf8 30. Qd3 c4 31. Bxc4 Qc5+ 32. Kh1 Rxf5 33. Rxf5 Qxf5 34. Qxf5 Rxf5 35. Rd1 g6 36. Bd5 Kg7 37. Kg1 Kf6 38. Rf1 Rxf1+ 39. Kxf1 Ke5 40. Ba2 d5 41. Ke2 Kxe6 42. Kd3 Bf6 43. b4 Kd6 44. a4 Be5 45. h3 Bf6 46. g4 Ke5 47. Bb3 d4 48. Bc4 Kf4 49. Bg8 h6 50. Bf7 g5 51. Be6 Kg3 52. a5 bxa5 53. bxa5 Kxh3 54. a6 Kg3 55. Bc8 Kh4 56. Bd7 h5 57. gxh5 Kxh5 58. Ke4 Kh4 59. Bf5 g4 60. Kf4 g3 61. Kf3 Be5 62. Kg2 Kg5 63. Bd3 Kf4 64. Bg6 Ke3 65. Bf5 d3 66. Kf1 d2 67. Bc2 g2+ 68. Kxg2 Ke2 69. Kh3 d1=Q 70. Bxd1+ Kxd1 71. Kg4 Bd4 72. Kf5 Kc2 73. Ke6 Bb6 74. Kd5 Kb3 75. Kc6 Ka4 76. Kd5 Kb5 77. Ke4 Kxa6 78. Kd3 Kb5 79. Kc2 Kb4 80. Kb1 a5 81. Ka2 a4 82. Kb1 0-1


[Site "https://www.chess.com"]

[Event "Titled Tuesday Blitz October 11 Late 2022"]
[White "Torres Boch, Jose Francisco"]
[Black "Jimenez, Joaquin"]
[WhiteFideId "2278383"]
[BlackFideId "109860"]
[WhiteElo "2073"]
[BlackElo "2163"]
[Result "1-0"]
[Round "11"]
[TimeControl "180+1"]
[Date "2022.10.12"]
[WhiteClock "0:01:40"]
[BlackClock "0:02:25"]

1. e4 e6 2. d4 d5 3. Nc3 Nf6 4. e5 Nfd7 5. f4 c5 6. Nf3 Nc6 7. Be3 Be7 8. Qd2 O-O 9. dxc5 Bxc5 10. O-O-O Qb6 11. Nd4 Nxd4 12. Bxd4 Bxd4 13. Qxd4 Qxd4 14. Rxd4 Nc5 15. g3 Bd7 16. b4 Na4 17. Nxa4 Bxa4 18. b5 Bxc2 19. Kxc2 Rac8+ 20. Kb2 Rc5 21. Bd3 Rfc8 22. g4 a6 23. a4 f6 24. Re1 Kf7 25. f5 exf5 26. Bxf5 R8c7 27. exf6 Kxf6 28. Re6+ Kg5 29. Re5 axb5 30. Rexd5 bxa4 31. Bxh7+ Kh6 32. Be4 b5 33. Rxc5 Rxc5 34. Rd5 Rc4 35. Rh5# 1-0


[Site "https://www.chess.com"]

[Event "Titled Tuesday Blitz October 11 Late 2022"]
[White "Yano, William Jorge Froes"]
[Black "Ballester Llagaria, Luis Eduardo"]
[WhiteFideId "2112949"]
[BlackFideId "2297620"]
[WhiteElo "2122"]
[BlackElo "2344"]
[Result "0-1"]
[Round "11"]
[TimeControl "180+1"]
[Date "2022.10.12"]
[WhiteClock "0:00:01"]
[BlackClock "0:00:08"]

1. e4 c5 2. Nf3 b6 3. b3 Bb7 4. d3 e6 5. Bb2 Nc6 6. g3 Nge7 7. Bg2 Ng6 8. O-O f6 9. h4 Be7 10. h5 Nge5 11. Nbd2 O-O 12. Nh2 Nf7 13. Qg4 Kh8 14. f4 Nd4 15. Ndf3 Nxc2 16. Rac1 Ne3 17. Qh3 Nxf1 18. Bxf1 Rc8 19. Ng4 d5 20. h6 g6 21. Ng5 Nxg5 22. fxg5 d4 23. Be2 f5 24. Ne5 Bxg5 25. Rf1 Be3+ 26. Kh2 Qg5 27. Rf3 Qxh6 28. g4 Qxh3+ 29. Rxh3 fxe4 30. Nxg6+ Kg7 31. Nxf8 Kxf8 32. Rxh7 Ba6 33. Rxa7 exd3 34. Bd1 Bb5 0-1


[Site "https://www.chess.com"]

[Event "Titled Tuesday Blitz October 11 Late 2022"]
[White "Zhigalko, Sergei"]
[Black "Kamsky, Gata"]
[WhiteFideId "13502956"]
[BlackFideId "2000024"]
[WhiteElo "2662"]
[BlackElo "2666"]
[Result "0-1"]
[Round "11"]
[TimeControl "180+1"]
[Date "2022.10.11"]
[WhiteClock "0:00:07"]
[BlackClock "0:00:12"]

1. e4 c5 2. Nf3 e6 3. c3 d5 4. e5 d4 5. Bd3 Bd7 6. O-O Ne7 7. Re1 Bc6 8. Na3 Ng6 9. Be4 Bxe4 10. Rxe4 Nc6 11. d3 dxc3 12. bxc3 Be7 13. Rb1 Qd7 14. h4 h5 15. Nc4 Rd8 16. Bg5 f6 17. exf6 gxf6 18. Bc1 b6 19. d4 Kf7 20. Qe2 Qd5 21. g3 e5 22. dxe5 f5 23. e6+ Kg7 24. Re3 Qd1+ 25. Kg2 Qxe2 26. Rxe2 Bf6 27. Bg5 Rd3 28. Ne3 Nge7 29. c4 Rhd8 30. Rbe1 Kg6 31. Nd5 Nxd5 32. cxd5 Ne7 33. Bxf6 Kxf6 34. Ng5 R3xd5 35. Nh3 Rd1 36. Nf4 Rxe1 37. Nxh5+ Kg6 38. Nf4+ Kf6 39. Rxe1 c4 40. Nh5+ Kg6 41. Nf4+ Kf6 42. a4 a6 43. Nh5+ Kg6 44. Nf4+ Kf6 45. Rb1 Rb8 46. Kf3 b5 47. axb5 axb5 48. Ke3 Ke5 49. h5 b4 50. h6 b3 51. Ne2 Nd5+ 52. Kd2 Kxe6 53. h7 Rh8 54. Nd4+ Ke5 55. Nxb3 cxb3 56. Rxb3 Rxh7 57. Ke2 Rc7 58. Rb5 Kd4 59. Kf3 Rc3+ 60. Kg2 Rc2 61. Kf3 Rc3+ 62. Kg2 Ke4 63. Ra5 Rc2 64. Ra4+ Ke5 65. Ra5 Ke6 66. Kf3 Nf6 67. Ra6+ Kf7 68. Ra5 Kg6 69. Ra6 Kg5 70. Ke3 Ng4+ 71. Kd4 Rxf2 72. Ra8 Rf3 73. Rg8+ Kf6 74. Kd5 Rxg3 75. Kd4 Rf3 76. Rf8+ Kg5 77. Rg8+ Kf4 78. Ra8 Re3 79. Ra1 Re4+ 80. Kd5 Ne3+ 81. Kc6 Kf3 82. Kd6 f4 83. Rh1 Kg2 84. Kc5 f3 85. Rh8 f2 0-1


[Site "https://www.chess.com"]

[Event "Titled Tuesday Blitz October 11 Late 2022"]
[White "Zochowski, Kacper"]
[Black "Curtis, John"]
[WhiteFideId "1125494"]
[BlackFideId "3200256"]
[WhiteElo "2292"]
[BlackElo "2203"]
[Result "1-0"]
[Round "11"]
[TimeControl "180+1"]
[Date "2022.10.12"]
[WhiteClock "0:00:18"]
[BlackClock "0:00:02"]

1. Nf3 d5 2. c4 c6 3. g3 Nf6 4. Bg2 g6 5. O-O Bg7 6. b3 O-O 7. Bb2 Bg4 8. Nc3 Bxf3 9. Bxf3 d4 10. Na4 e5 11. e3 Re8 12. exd4 exd4 13. Nc5 Qa5 14. Bxd4 Qd8 15. Bc3 Nfd7 16. Bxg7 Kxg7 17. Na4 Ne5 18. Bg2 Nd3 19. Qc2 Qd4 20. Qc3 Rd8 21. Be4 Na6 22. Rad1 Ndc5 23. Nxc5 Nxc5 24. Bc2 a5 25. Rfe1 Rd7 26. a3 Rad8 27. b4 axb4 28. axb4 Na6 29. Rb1 c5 30. bxc5 Nxc5 31. Rb5 Qxc3 32. dxc3 Rc7 33. Re2 Rd6 34. Kg2 Rdc6 35. Re1 b6 36. Reb1 Ne6 37. Bd3 Nc5 38. Be2 Na4 39. R1b3 Nc5 40. Rb1 Re7 41. Bf3 Rd6 42. Rxb6 Rd2 43. R1b2 Rd3 44. Bd5 Rxc3 45. Rc6 1-0